 Dungeon Crawl Stone Soup version 0.31-a0-7-g51783674b7 (webtiles) character file.

Game seed: 15192178696279947317

78 sircluck the Shield-Bearer (level 4, 0/44 HPs)
             Began as a Troll Fighter on May 5, 2023.
             Slain by a gnoll
             ... wielding a +0 flail
              (7 damage)
             ... on level 2 of the Dungeon.
             The game lasted 00:01:22 (899 turns).

sircluck the Shield-Bearer (Troll Fighter)           Turns: 899, Time: 00:01:23

Health: 0/44       AC:  4    Str: 26    XL:     4   Next: 15%
Magic:  3/3        EV:  9    Int:  4    God:
Gold:   50         SH:  7    Dex:  9    Spells: 3/3 levels left

rFire   . .          .
                       - Unarmed
rCold   . . .        b - +0 kite shield
rNeg    . . .        a - +0 robe
rPois   .            (helmet restricted)
rElec   .            (no cloak)
rCorr   .            (gloves unavailable)
SInv    .            (boots unavailable)
Will    .....        (no amulet)
Stlth   +            (no ring)
HPRegen 1.07/turn    (no ring)
MPRegen 0.08/turn

%: no passive effects
@: no status effects
A: large, unfitting armour, claws 3, regeneration 1, shaggy fur 1, tough skin 1
a: no special abilities


You were on level 2 of the Dungeon.
You visited 1 branch of the dungeon, and saw 2 of its levels.

You collected 50 gold pieces.

Inventory:

Missiles
 i - 19 stones (quivered)
Armour
 a - a +0 robe (worn)
 b - a +0 kite shield (worn)
Scrolls
 d - a scroll of teleportation {unknown}
 e - a scroll of magic mapping {unknown}
 g - a scroll of brand weapon {unknown}
 j - a scroll of vulnerability {unknown}
 k - a scroll of fog {unknown}
 m - a scroll of amnesia {unknown}
Potions
 c - a potion of might
 f - a potion of curing {unknown}
 h - a potion of haste
 l - a potion of brilliance {unknown}


   Skills:
 + Level 2.9 Fighting
 + Level 2.9 Dodging
 + Level 0.1 Stealth
 + Level 3.2 Shields
 + Level 2.8 Unarmed Combat


You had 3 spell levels left.
You didn't know any spells.
Your spell library contained the following spells:

 Spells                   Type           Power      Damage    Failure   Level
 Freeze                   Ice            0%         1d3       75%         1
 Sublimation of Blood     Necr           0%         N/A       87%         2
 Wereblood                Tmut           0%         N/A       87%         2
 Frozen Ramparts          Ice            0%         1d1       98%         3
 Hailstorm                Conj/Ice       0%         3d3       98%         3
 Summon Hydra             Summ           0%         N/A       100%        7


Dungeon Overview and Level Annotations

Branches:
Dungeon (2/15)

Altars:


Innate Abilities, Weirdness & Mutations

You are too large for most types of armour.
You have claws for hands.
Your natural rate of healing is unusually fast.
You are covered in fur. (AC +1)
You have tough skin. (AC +1)


Message History

No target in view!
No target in view!
No target in view!
No target in view!
No target in view!
No target in view!
No target in view!
No target in view!
No target in view!
A gnoll comes into view. It is wielding a +0 flail.
Found a scroll labelled JEOZOJ UCKU.
The gnoll shouts!
You hear a shout! x2
The dart slug launches a dart at you. The slug dart hits you.
A gnoll comes into view. It is wielding a +0 spear.
Things that are here:
a +0 club; a +0 robe; a gnoll corpse A gnoll comes into view.
It is wielding a +0 spear.
The gnoll shouts!
The gnoll drinks a potion.
The gnoll seems to speed up.
The gnoll hits you with a +0 flail!
You barely miss the gnoll. The dart slug launches a dart at you.
The slug dart hits you. The gnoll hits you with a +0 flail!
You claw the gnoll!
The gnoll is almost dead.
The gnoll hits you from afar with a +0 spear.
The gnoll hits you but does no damage. The gnoll hits you with a +0 flail!
The dart slug launches a dart at you.
The slug dart hits you but does no damage.
The gnoll hits you from afar with a +0 spear!
* * * LOW HITPOINT WARNING * * *
A rat comes into view.
The dart slug launches a dart at you. The slug dart hits you.
* * * LOW HITPOINT WARNING * * *
Things that are here:
a +0 club; a +0 robe; a gnoll corpse The gnoll attacks as you move away!
The gnoll hits you with a +0 flail!
You die...

.#.##..#####
.#.##......+
...##...#### #######
#####......# ......#
#..#.##.##+## ?.....+
#..#........###w.....#
#.....#...............#
#...#.#.............r.#
....#.#.......@.......#
#... #.#########g##....
... #. #.# ### #g# .g.
..... ....... #........
#.........


You could see 3 gnolls, a dart slug and a rat.

Vanquished Creatures
  2 adders
  2 gnolls
  2 worms (D:2)
  4 dart slugs
  2 endoplasms (D:1)
  2 giant cockroaches (D:1)
  2 kobolds (D:1)
  A quokka (D:1)
  6 ball pythons (D:1)
  3 bats
  2 frilled lizards
  2 rats (D:1)
30 creatures vanquished.

Notes
Turn   | Place    | Note
-------+----------+-------------------------------------------
     0 | D:1      | sircluck the Troll Fighter began the quest for the Orb.
     0 | D:1      | Reached XP level 1. HP: 22/22 MP: 0/0
    42 | D:1      | Reached XP level 2. HP: 29/29 MP: 1/1
   289 | D:1      | Reached skill level 3 in Shields
   316 | D:1      | Reached XP level 3. HP: 36/36 MP: 2/2
   867 | D:2      | Reached XP level 4. HP: 38/44 MP: 3/3
   899 | D:2      | Slain by a gnoll

Illustrated notes

Levels and vault maps discovered:
D:1:      beargit_arrival_greenhouse, layout_basic
D:2:      layout_basic, hellmonk_ecumenical_altar_zigzags

Skill      XL: |  1  2 |
---------------+-------+-----
Shields        | 3 |  3.2
Fighting       | |  2.9
Dodging        | |  2.9
Stealth        | |  0.1
Unarmed Combat | |  2.8

Action                     |  1- 3 |  4- 6 || total
---------------------------+-------+-------++-------
  Melee: Unarmed           |    61 |     3 ||    64
  Throw: Stone             |     1 |       ||     1
   Stab: Sleeping          |     1 |       ||     1
 Armour: Robe              |    14 |     2 ||    16
  Dodge: Dodged            |    15 |     1 ||    16
  Block: Kite shield       |    18 |       ||    18

Table legend: (Time is in decaauts)
 A = Elapsed time spent in this place.
 B = Non-inter-level travel time spent in this place.
 C = Inter-level travel time spent in this place.
 D = Time resting spent in this place.
 E = Time spent auto-exploring this place.
 F = Levels seen in this place.
 G = Mean time per level.
                   A        B        C        D        E       F      G
               +--------+--------+--------+--------+--------+-----+--------+
         Total |    905 |    744 |    161 |      0 |    567 |   2 |  452.5 |
       Dungeon |    905 |    744 |    161 |      0 |    567 |   2 |  452.5 |
               +--------+--------+--------+--------+--------+-----+--------+

Top non-repeatable levels by time:
     D:1: 773 daAuts
     D:2: 132 daAuts
